 Dungeon Crawl Stone Soup version 0.29-a0-542-g075992c915 (webtiles) character file.

Game seed: 13233431618488186971

27 oldriver the Skirmisher (level 2, -6/26 HPs)
             Began as a Palentonga Delver on June 4, 2022.
             Shot with an arrow by a centaur (10 damage)
             ... on level 5 of the Dungeon.
             The game lasted 00:01:00 (252 turns).

oldriver the Skirmisher (Palentonga Delver)          Turns: 252, Time: 00:01:00

Health: -6/26      AC:  4    Str: 15    XL:     2   Next: 93%
Magic:  0/0        EV:  9    Int: 10    God:
Gold:   0          SH:  0    Dex: 11    Spells: 1/1 levels left

rFire   . . .      SeeInvis +   i - +4 falchion (antimagic)
rCold   . . .      Faith    .   (no shield)
rNeg    . . .      Spirit   .   b - +0 leather armour
rPois   .          Reflect  .   (no helmet)
rElec   .          Harm     .   (no cloak)
rCorr   .          Rampage  .   (no gloves)
Will    .....                   (no barding)
Stlth   ++........              (no amulet)
HPRegen 0.08/turn               (no ring)
MPRegen 0.07/turn               (no ring)

@: no status effects
A: large, rugged brown scales 3, see invisible, deformed body, roll 1, armoured
tail
a: Rolling Charge


You were on level 5 of the Dungeon.
You visited 1 branch of the dungeon, and saw 1 of its levels.

Inventory:

Hand Weapons
 a - a +0 hand axe
 i - a +4 antimagic falchion (weapon)
Armour
 b - a +0 leather armour (worn)
Wands
 g - a wand of digging (3)
Scrolls
 c - a scroll of fog
 d - a scroll of magic mapping
 e - a scroll of fear
Potions
 f - a potion of haste
 h - a potion of resistance {unknown}


   Skills:
 + Level 4.2 Fighting
 - Level 2.0 Axes
 - Level 1.5 Dodging
 - Level 3.3 Stealth


You had one spell level left.
You didn't know any spells.
Your spell library was empty.

Dungeon Overview and Level Annotations

Branches:
Dungeon (5/15)
 Temple: D:4-7

Altars:


Innate Abilities, Weirdness & Mutations

You are completely covered in rugged brown scales. (AC +3, +7% HP)
You have supernaturally acute eyesight. (SInv)
Armour fits poorly on your strangely shaped body.
You can roll at nearby foes to attack.
You have a long armoured tail.


Message History

You miss the orc wizard.
The orc wizard is heavily wounded.
You hit the orc wizard. You tail-slap the orc wizard.
You kill the orc wizard!
Your Fighting skill increases to level 4!
You have reached level 2!
You closely miss the orc. You tail-slap the orc.
The orc is heavily wounded.
The orc hits you with a +0 whip.
You hit the orc but do no damage.
The orc is heavily wounded.
The orc barely misses you. The orc hits you with a +0 whip.
You hit the orc.
The orc is severely wounded.
The orc hits you but does no damage.
You hit the orc. You tail-slap the orc.
You kill the orc!
You start resting.
HP restored.
Things that are here:
a +0 dagger; a +0 robe
Items here: ( ) [ †.
An orc comes into view. It is wielding a +0 hand axe.
The orc shouts!
Found a stone staircase leading down.
There is a stone staircase leading down here.
Found a glowing falchion.
You see here a +4 antimagic falchion.
i - a +4 antimagic falchion You feel magic leave you.
i - a +4 antimagic falchion (weapon)
A centaur comes into view.
The centaur shouts!
The centaur wields a +0 shortbow.
The centaur shoots an arrow.
The arrow hits you!
Ouch! That really hurt!
The centaur shoots an arrow.
The arrow hits you!
* * * LOW HITPOINT WARNING * * *
The centaur shoots an arrow.
The arrow hits you!
You die...

#.... #.c.# #...#
#...# ...# #..#
#..# #..# ###
#..###..# ##...
#.......#####...##
#@###...##....#.##
#.# #...##........
#.###...#.........
#............≈....
#####.#####.......
#.# #....≈≈.
#.#####....≈≈.
#.............
######...≈....


You could see a centaur.

Vanquished Creatures
  An orc wizard (D:5)
  An orc (D:5)
2 creatures vanquished.

Notes
Turn   | Place    | Note
-------+----------+-------------------------------------------
     0 | D:5      | oldriver the Palentonga Delver began the quest for the Orb.
     0 | D:5      | Reached XP level 1. HP: 19/19 MP: 1/1
    36 | D:5      | Noticed an orc wizard
    41 | D:5      | Killed an orc wizard
    42 | D:5      | Reached skill level 4 in Fighting
    42 | D:5      | Reached XP level 2. HP: 21/26 MP: 2/2
   250 | D:5      | Noticed a centaur
   252 | D:5      | Shot with an arrow by a centaur

Illustrated notes

Levels and vault maps discovered:
D:5:      layout_basic, lemuel_doored_altar, serial_shops,
          nicolae_stop_n_shop_2, skrybe_limestone_x

Skill      XL: |  1 |
---------------+----+-----
Fighting       | 4 |  4.2
Axes           | |  2.0
Dodging        | |  1.5
Stealth        | |  3.3

Action                   || total
-------------------------++-------
Melee: Hand axe          ||     7
       Tailslap          ||     3
 Abil: Rolling Charge    ||     1
Armor: Leather armour    ||     1
Dodge: Dodged            ||     1

Table legend: (Time is in decaauts)
 A = Elapsed time spent in this place.
 B = Non-inter-level travel time spent in this place.
 C = Inter-level travel time spent in this place.
 D = Time resting spent in this place.
 E = Time spent auto-exploring this place.
 F = Levels seen in this place.
 G = Mean time per level.
                   A        B        C        D        E       F      G
               +--------+--------+--------+--------+--------+-----+--------+
         Total |    252 |    252 |      0 |    111 |     53 |   1 |  252.0 |
       Dungeon |    252 |    252 |      0 |    111 |     53 |   1 |  252.0 |
               +--------+--------+--------+--------+--------+-----+--------+

Top non-repeatable levels by time:
     D:5: 252 daAuts
